 Dungeon Crawl Stone Soup version 0.31-a0-609-g7bf6ffcfed (webtiles) character file.

Game seed: 12948555203778664564

184 javelincjr the Conjurer (level 5, -1/31 HPs)
             Began as an Octopode Conjurer on Aug 21, 2023.
             Slain by an orc wizard
             ... wielding a +0 dagger
              (3 damage)
             ... on level 3 of the Dungeon.
             The game lasted 00:08:33 (2372 turns).

javelincjr the Conjurer (Octopode Conjurer)         Turns: 2372, Time: 00:08:34

Health: -1/31      AC:  1    Str:  6    XL:     5   Next: 63%
Magic:  6/9        EV: 18    Int: 22    God:
Gold:   150        SH:  0    Dex: 11    Spells: 7/10 levels left

rFire   x . .        q - +3 quarterstaff (chaos)
rCold   + . .        (shield currently unavailable)
rNeg    . . .        (helmet restricted)
rPois   +            (no amulet)
rElec   .            e - +5 ring of evasion
rCorr   .            n - ring of ice
SInv    .            o - ring of poison resistance
Will    .....        (no ring)
Stlth   ++           (no ring)
HPRegen 0.25/turn    (no ring)
MPRegen 0.11/turn    (no ring)
                     (no ring)

%: no passive effects
@: confused
A: almost no armour, amphibious, 8 rings, camouflage 1, gelatinous body 1,
(nimble swimmer 1), tentacles
a: no special abilities


You were on level 3 of the Dungeon.
You visited 1 branch of the dungeon, and saw 3 of its levels.

You collected 150 gold pieces.

Inventory:

Hand Weapons
 c - a +0 dagger
 q - a +3 quarterstaff of chaos (weapon)
Missiles
 f - 8 poisoned darts
Jewellery
 e - a +5 ring of evasion (left tentacle)
 n - a ring of ice (right tentacle)
 o - a ring of poison resistance (on tentacle)
Scrolls
 b - a scroll of fear {unknown}
 g - a scroll of brand weapon {unknown}
 h - a scroll of immolation {unknown}
 i - 2 scrolls of poison {unknown}
 l - 2 scrolls of vulnerability {unknown}
 m - a scroll of torment {unknown}
 p - a scroll of identify {unknown}
Potions
 a - a potion of magic
 d - a potion of ambrosia {unknown}
 j - 2 potions of mutation {unknown}
 k - 2 potions of curing {unknown}
 r - a potion of invisibility {unknown}


   Skills:
 + Level 3.3 Dodging
 + Level 4.6 Stealth
 + Level 3.0 Spellcasting
 + Level 4.7 Conjurations


You had 7 spell levels left.
You knew the following spells:

 Your Spells              Type           Power      Damage    Failure   Level
a - Magic Dart            Conj           96%        1d7       1%          1
b - Searing Ray           Conj           48%        2d6       2%          2

Your spell library contained the following spells:

 Spells                   Type           Power      Damage    Failure   Level
 Dazzling Flash           Conj/Hex       26%        N/A       14%         3
 Ozocubu's Armour         Ice            5%         N/A       36%         3
 Fulminant Prism          Conj/Hex       6%         3d6       43%         4
 Iskenderun's Mystic Bla  Conj/Tloc      13%        2d5       43%         4
 Metabolic Englaciation   Hex/Ice        2%         N/A       98%         5
 Simulacrum               Ice/Necr       2%         N/A       100%        6


Dungeon Overview and Level Annotations

Branches:
Dungeon (3/15)

Altars:
Fedhas


Innate Abilities, Weirdness & Mutations

You cannot wear most types of armour.
You are amphibious.
You can wear up to eight rings at the same time.
Your skin changes colour to match your surroundings (Stealth+).
Your rubbery body absorbs attacks. (AC +1, EV +1)
((You are camouflaged when in or above water. (Stealth+)))
You have tentacles for arms and can constrict up to eight enemies at once.


Message History

The orc wizard is moderately wounded.
The magic dart hits the orc wizard.
The orc wizard is severely wounded.
The magic dart hits the orc wizard but does no damage.
The orc wizard is severely wounded.
The orc wizard gestures at you while chanting.
You are confused.
You're too confused to cast spells.
Unknown command.
You bump into the rock wall.
An orc wizard comes into view. It is wielding a +0 dagger.
You bump into the rock wall.
You feel less confused. The orc wizard barely misses you.
You closely miss the orc wizard. Your grab misses the orc wizard.
You squeeze the orc wizard, but do no damage.
The orc wizard is severely wounded.
The orc wizard casts a spell at you. The magic dart hits you!
The orc wizard completely misses you.
You barely miss the orc wizard. Your grab misses the orc wizard.
The orc wizard is severely wounded.
The orc wizard mumbles some strange words.
The orc wizard flickers and vanishes!
Deactivating autopickup; reactivate with Ctrl-A.
You barely miss something. You sock the orc!
You kill the orc!
You hear some strange, mumbled words.
A magic dart appears from out of thin air!
The magic dart hits you. Something hits you. Space warps horribly around you!
* * * LOW HITPOINT WARNING * * *
You miss something. Your squeeze misses something.
You hear some strange, mumbled words.
You are confused.
The orc wizard closely misses you.
You completely miss something. Your squeeze misses something.
You hear some strange, mumbled words.
Something tries to affect you, but you resist.
The orc wizard hits you with a +0 dagger.
You die...

#.#.##.....### .#
#.#.#..###..# .
####.###.## .## . #
)....#...# .#. ..
#####..### ..# ...
....#.## #.###..#
....#.# '..$..#
....#.## ##o..#
....#..### ###@{#.#
....##...# #...##.#
.#.....#.## ##......#
.#.....#..###...#####
.#.....##.....#.#
.#.....##.......#
##.....#..#######
.............
#...........#


You could see an orc wizard.

Vanquished Creatures
  Crazy Yiuf (D:2)
  Terence (D:2)
  An orc wizard (D:3)
  A gnoll (D:1)
  4 adders (D:2)
  2 dart slugs (D:1)
  3 orcs (D:3)
  4 bats
  6 endoplasms
  A giant cockroach (D:1)
  6 goblins
  4 hobgoblins
  5 kobolds
  A quokka (D:2)
  2 ball pythons
  4 frilled lizards (D:1)
  5 rats
51 creatures vanquished.

Notes
Turn   | Place    | Note
-------+----------+-------------------------------------------
     0 | D:1      | javelincjr the Octopode Conjurer began the quest for the
                  | Orb.
     0 | D:1      | Reached XP level 1. HP: 11/11 MP: 3/3
    95 | D:1      | Reached XP level 2. HP: 17/17 MP: 0/5
   448 | D:1      | Reached XP level 3. HP: 21/21 MP: 4/6
   770 | D:1      | Learned a level 2 spell: Searing Ray
   916 | D:2      | Found a runed translucent door.
   917 | D:2      | Noticed Crazy Yiuf
  1053 | D:2      | Reached XP level 4. HP: 27/27 MP: 2/7
  1421 | D:2      | Noticed Terence
  1432 | D:2      | Killed Terence
  1433 | D:2      | Reached XP level 5. HP: 11/31 MP: 1/9
  1819 | D:2      | Killed Crazy Yiuf
  2173 | D:3      | Found a blossoming altar of Fedhas.
  2370 | D:3      | HP: 1/31 [something (14)]
  2372 | D:3      | Slain by an orc wizard

Illustrated notes

Levels and vault maps discovered:
D:1:      minmay_arrival_shoal_huts, layout_rooms, grunt_decor_junction,
          minivault_23
D:2:      layout_loops_ring, minmay_strange_pillars, uniq_terence,
          uniq_crazy_yiuf_cottage
D:3:      cheibrodos_greedy_goblins, layout_basic, fedhas_altar_1,
          mainiacjoe_overflow_catwalk, general_overflow_altar

Skill      XL: |  1  2  3  4  5 |
---------------+----------------+-----
Stealth        | 3 4 |  4.6
Dodging        | 3 |  3.3
Spellcasting   | 3 |  3.0
Conjurations   | |  4.7

Action                     |  1- 3 |  4- 6 || total
---------------------------+-------+-------++-------
  Melee: Unarmed           |    10 |       ||    10
         Constrict         |    10 |     3 ||    13
         Tentacles         |     6 |     5 ||    11
         Dagger            |    15 |     5 ||    20
         Quarterstaff      |       |    12 ||    12
   Cast: Magic Dart        |    50 |    33 ||    83
         Searing Ray       |     1 |     2 ||     3
   Stab: Sleeping          |     1 |     2 ||     3
 Armour: Skin              |     1 |       ||     1
  Dodge: Dodged            |    12 |     9 ||    21

Table legend: (Time is in decaauts)
 A = Elapsed time spent in this place.
 B = Non-inter-level travel time spent in this place.
 C = Inter-level travel time spent in this place.
 D = Time resting spent in this place.
 E = Time spent auto-exploring this place.
 F = Levels seen in this place.
 G = Mean time per level.
                   A        B        C        D        E       F      G
               +--------+--------+--------+--------+--------+-----+--------+
         Total |   2372 |   2327 |     45 |    120 |   1804 |   3 |  790.7 |
       Dungeon |   2372 |   2327 |     45 |    120 |   1804 |   3 |  790.7 |
               +--------+--------+--------+--------+--------+-----+--------+

Top non-repeatable levels by time:
     D:2: 1034 daAuts
     D:1: 858 daAuts
     D:3: 480 daAuts
